 Dungeon Crawl Stone Soup version 0.27.0-1-g7a089689b8 (webtiles) character file.

Game seed: 16196668531310902207

249 Spaninq the Chopper (level 5, -7/41 HPs)
             Began as a Minotaur Warper on Aug 2, 2021.
             Was a Follower of Hepliaklqana.
             Mangled by an ogre (29 damage)
             ... on level 4 of the Dungeon.
             The game lasted 00:05:55 (4325 turns).

Spaninq the Chopper (Minotaur Warper)               Turns: 4325, Time: 00:05:55

Health: -7/41      AC:  5    Str: 17    XL:     5   Next: 86%
Magic:  6/6        EV: 11    Int: 10    God:    Hepliaklqana [*.....]
Gold:   171        SH:  0    Dex:  9    Spells: 6/6 levels left

rFire    . . .     SeeInvis .   a - +0 hand axe
rCold    . . .     Faith    .   (no shield)
rNeg     . . .     Spirit   .   l - +0 ring mail
rPois    .         Reflect  .   (helmet restricted)
rElec    .         Harm     .   (no cloak)
rCorr    .         Rampage  .   (no gloves)
Will     +....                  (no boots)
Stlth    ..........             (no amulet)
HPRegen  0.13/turn              f - ring of willpower
MPRegen  0.10/turn              (no ring)

@: no status effects
A: reduced essence, horns 2, retaliatory headbutt
a: Renounce Religion, Recall Ancestor, Ancestor Identity


You were on level 4 of the Dungeon.
You worshipped Hepliaklqana.
Hepliaklqana was aware of your devotion.
You visited 1 branch of the dungeon, and saw 4 of its levels.

You collected 171 gold pieces.

Inventory:

Hand Weapons
 a - a +0 hand axe (weapon)
Missiles
 d - 5 boomerangs of dispersal (quivered)
Armour
 l - a +0 ring mail (worn)
Jewellery
 f - a ring of willpower (left hand)
Scrolls
 b - a scroll of teleportation {unknown}
 c - a scroll of blinking
 e - 4 scrolls of identify {unknown}
 g - a scroll of enchant armour {unknown}
 i - a scroll of vulnerability {unknown}
 j - a scroll of silence {unknown}
 k - 4 scrolls of fear {unknown}
 n - a scroll of brand weapon {unknown}
 o - a scroll of noise {unknown}
Potions
 h - 2 potions of curing {unknown}
 m - a potion of cancellation {unknown}
 p - a potion of degeneration {unknown}
 q - a potion of resistance {unknown}


   Skills:
 + Level 4.2 Fighting
 * Level 5.5 Axes
 - Level 1.0 Throwing
 + Level 2.6 Armour
 + Level 3.1 Dodging
 - Level 1.3 Spellcasting
 - Level 2.1 Translocations


You had 6 spell levels left.
You didn't know any spells.
Your spell library contained the following spells:

 Spells                   Type           Power      Damage    Failure   Level
 Blink                    Tloc           N/A        N/A       36%         2
 Gell's Gravitas          Tloc           2%         N/A       58%         3
 Lesser Beckoning         Tloc           2%         N/A       58%         3
 Teleport Other           Tloc           5%         N/A       58%         3
 Cause Fear               Hex            0%         N/A       99%         4
 Freezing Cloud           Conj/Ice/Air   0%         6-21      100%        5
 Manifold Assault         Tloc           5%         N/A       100%        5
 Simulacrum               Ice/Necr       0%         N/A       100%        6
 Dragon Form              Tmut           0%         N/A       100%        7
 Dragon's Call            Summ           0%         N/A       100%        9
 Polar Vortex             Ice            0%         N/A       100%        9


Dungeon Overview and Level Annotations

Branches:
Dungeon (4/15)
 Temple: D:4-7

Altars:
Hepliaklqana
Qazlal

Shops:
D:4 :


Innate Abilities, Weirdness & Mutations

Your life essence is reduced to manifest your ancestor. (-10% HP)
You have a pair of horns on your head.
You reflexively headbutt those who attack you in melee.


Message History

You pick up a book of the Dragon and begin reading...
You add the spells Cause Fear, Dragon Form and Dragon's Call to your library.
A ball python comes into view.
You hit the ball python.
You kill the ball python!
An endoplasm and an ogre come into view.
The ogre shouts!
You hear a shout!
A hound comes into view.
Found 28 bolts.
There are monsters nearby!
The hound barks!
A goblin comes into view. It is wielding a +0 club.
The goblin shouts!
A hobgoblin comes into view.
The endoplasm closely misses Tahngarth.
An adder skeleton comes into view.
The hound bites Tahngarth but does no damage.
The ogre hits Tahngarth with a +0 giant club!
Tahngarth closely misses the hound.
The hound bites Tahngarth.
The endoplasm hits Tahngarth.
Tahngarth is destroyed!
The hound bites you but does no damage.
Found a viscous blue potion.
The hound barely misses you. You furiously retaliate!
You headbutt the hound! You closely miss the hound.
The hound is severely wounded.
The hound barely misses you. The hound bites you.
You hit the hound.
You kill the hound!
You hit the ogre.
The ogre is lightly wounded.
The ogre hits you with a +0 giant club!
You barely miss the ogre. Your headbutt misses the ogre.
The ogre is lightly wounded.
The ogre barely misses you.
You see here a viscous blue potion.
q - a viscous blue potion The ogre hits you with a +0 giant club!!
Ouch! That really hurt!
You die...

^.#............##
##..#######
#.#.#8.8.8#...## ##..##
#.#.##.#.##..## ##..#
#.#. #.#.##.## ##.##
#.#. #.#....# ## #..#
#.# #.####.# +#.#.#+
##..###### ..# ...
....###..#..###...O.g...
###
##.....###.....#..J....
# #@O...##g##.......
#....###g###....Z.
##.#g# #.# #......
#.#.###.# #......
#.#...g.# #......
..####### ####.## ###
#.# #.#


You could see an ogre and a hobgoblin.

Vanquished Creatures
  2 hounds (D:4)
  4 gnolls
  5 adders
  An adder skeleton (D:4)
  4 worms
  12 dart slugs
  6 ball pythons
  6 bats
  8 endoplasms
  2 giant cockroaches (D:1)
  2 goblins
  2 hobgoblins
  4 jackals
  5 quokkas
  7 kobolds
  7 rats
77 creatures vanquished.

Vanquished Creatures (others)
  An ancestor (D:4)
1 creature vanquished.

Grand Total: 78 creatures vanquished

Notes
Turn   | Place    | Note
-------+----------+-------------------------------------------
     0 | D:1      | Spaninq the Minotaur Warper began the quest for the Orb.
     0 | D:1      | Reached XP level 1. HP: 18/18 MP: 1/1
   256 | D:1      | Reached skill level 3 in Axes
   311 | D:1      | Reached XP level 2. HP: 24/25 MP: 3/3
  1067 | D:2      | Reached XP level 3. HP: 30/31 MP: 4/4
  1215 | D:2      | Reached skill level 4 in Axes
  1273 | D:2      | Found a hazy altar of Hepliaklqana.
  1284 | D:2      | Became a worshipper of Hepliaklqana the Forgotten
  1370 | D:2      | Found a faded altar of an unknown god.
  2294 | D:3      | Reached XP level 4. HP: 38/38 MP: 5/5
  3043 | D:2      | Reached skill level 5 in Axes
  3043 | D:2      | Reached XP level 5. HP: 26/46 MP: 6/6
  3668 | D:3      | Found a stormy altar of Qazlal.
  4114 | D:4      | Reached * piety under Hepliaklqana
  4163 | D:4      | Found Dume's Book Boutique.
  4295 | D:4      | Noticed an ogre
  4325 | D:4      | Mangled by an ogre

Illustrated notes

Levels and vault maps discovered:
D:1:      nagdon_arrival_zigzag_paths, layout_basic
D:2:      layout_basic, shapermc_ecumenical_altar_acropolis, basic_altar
D:3:      kennysheep_slugbush, layout_basic, nicolae_qazlal_general_emergency,
          kennysheep_generic_room_11
D:4:      layout_basic, nemelex_spade_bored_becter, serial_shops,
          nicolae_stop_n_shop_2, minmay_ruptured, uniq_robin

Skill      XL: |  1  2  3  4  5 |
---------------+----------------+-----
Axes           | 3 4 5 |  5.5
Fighting       | 3 4 |  4.2
Armour         | 2 |  2.6
Dodging        | 3 |  3.1
Throwing       | |  1.0
Spellcasting   | |  1.3
Translocations | |  2.1

Action                   |  1- 3 |  4- 6 || total
-------------------------+-------+-------++-------
Melee: Hand axe          |   104 |   114 ||   218
       Headbutt          |    17 |    24 ||    41
Invok: Ancestor Identity |       |     1 ||     1
Armor: Leather armour    |    34 |     5 ||    39
       Ring mail         |       |    19 ||    19
Dodge: Dodged            |    69 |    51 ||   120
